 Dungeon Crawl Stone Soup version 0.26-a0-631-ged93497179 (webtiles) character file.

Game seed: 6442166533671329202

97 Drevant2 the Chopper (level 4, 0/33 HPs)
             Began as a Demonspawn Gladiator on Sept 13, 2020.
             Slain by Natasha (8 damage)
             ... on level 2 of the Dungeon.
             The game lasted 00:02:48 (1806 turns).

Drevant2 the Chopper (Demonspawn Gladiator)         Turns: 1806, Time: 00:02:48

Health: 0/33       AC:  5    Str: 14    XL:     4   Next: 42%
Magic:  4/4        EV: 13    Int: 10    God:
Gold:   98         SH:  0    Dex: 15    Spells: 3/3 levels left

rFire    . . .     SeeInvis .   a - +0 war axe
rCold    . . .     Faith    .   (no shield)
rNeg     . . .     Spirit   .   b - +0 leather armour
rPois    .         Reflect  .   c - +0 helmet
rElec    .         Harm     .   (no cloak)
rCorr    .         Rampage  .   (no gloves)
MR       .....                  (no boots)
Stlth    +.........             (no amulet)
HPRegen  0.11/turn              (no ring)
MPRegen  0.09/turn              (no ring)

@: no status effects
A: hooves 1, rugged brown scales 1, mutation resistance 1, sense surroundings 1,
powered by death 1
a: no special abilities


You were on level 2 of the Dungeon.
You visited 1 branch of the dungeon, and saw 2 of its levels.

You collected 98 gold pieces.

Inventory:

Hand Weapons
 a - a +0 war axe (weapon)
Missiles
 d - 3 throwing nets (quivered)
Armour
 b - a +0 leather armour (worn)
 c - a +0 helmet (worn)
Scrolls
 e - a scroll of identify {unknown}
 g - a scroll of magic mapping {unknown}
 i - 2 scrolls of random uselessness {unknown}
 j - a scroll of immolation {unknown}
 l - a scroll of fog {unknown}
Potions
 h - a potion of resistance {unknown}
 k - a potion of haste {unknown}
 m - a potion of stabbing {unknown}


   Skills:
 - Level 2.1 Fighting
 * Level 4.6 Axes
 - Level 1.8 Throwing
 - Level 2.8 Dodging


You had 3 spell levels left.
You didn't know any spells.
Your spell library was empty.

Dungeon Overview and Level Annotations

Branches:
Dungeon (2/15)

Altars:
Xom

Annotations:
D:2 Natasha


Innate Abilities, Weirdness & Mutations

You have large cloven feet.
You are partially covered in rugged brown scales. (AC +1, +3% HP)
You regenerate a little health from kills.
You are somewhat resistant to further mutation.
You passively map a small area around you.


Message History

You closely miss Natasha. You kick Natasha, but do no damage.
Natasha is heavily wounded.
You slash the adder! You hit the leopard gecko.
You kill the leopard gecko!
The adder closely misses you. Natasha claws you.
You hit Natasha but do no damage.
Natasha is heavily wounded.
You barely miss the adder. The adder bites you but does no damage.
Natasha barely misses you. The adder barely misses you.
You barely miss Natasha. You kick Natasha, but do no damage.
Natasha is heavily wounded.
You closely miss the adder. The adder bites you.
* * * LOW HITPOINT WARNING * * *
Natasha barely misses you. The adder barely misses you.
Natasha barely misses you.
It was a potion of mutation.
You feel extremely strange.
You feel genetically stable.
You feel a strange attunement to the structure of the dungeons.
The adder bites you but does no damage. Natasha claws you!
You die...

, ##...?...+, ,
#........+ ,
#........# ,
#........# ,,
#>.......# ,*
#........##
#.S....... *
####@h......
#...........
#..#######+# ,
##..# #.# * , #...#
#####.##### #...#
#...'.'...# #...#
#.###.###.# #...#
#.# #.# #.#
#...###'###.###'###
,


You could see Natasha and an adder.

Vanquished Creatures
  Jessica (D:2)
  An adder (D:2)
  2 oozes (D:1)
  2 worms (D:2)
  2 dart slugs (D:1)
  A leopard gecko (D:2)
  3 giant cockroaches
  5 goblins
  5 hobgoblins
  4 jackals (D:1)
  4 kobolds
  5 bats
  4 frilled lizards
  2 rats
41 creatures vanquished.

Notes
Turn   | Place    | Note
-------+----------+-------------------------------------------
     0 | D:1      | Drevant2 the Demonspawn Gladiator began the quest for the
                  | Orb.
     0 | D:1      | Reached XP level 1. HP: 16/16 MP: 1/1
    17 | D:1      | Reached skill level 3 in Axes
    17 | D:1      | Gained mutation: You are partially covered in rugged brown
                  | scales. (AC +1, +3% HP) [demonic ancestry]
    17 | D:1      | Reached XP level 2. HP: 6/22 MP: 2/2
   293 | D:1      | Found a shimmering altar of Xom.
   714 | D:1      | Gained mutation: You regenerate a little health from kills.
                  | [demonic ancestry]
   714 | D:1      | Reached XP level 3. HP: 27/27 MP: 3/3
   749 | D:1      | You fall into a shaft and drop 1 floor!
   750 | D:2      | Noticed Jessica
   752 | D:2      | Killed Jessica
   752 | D:2      | Reached skill level 4 in Axes
   903 | D:1      | Gained mutation: You have large cloven feet. [demonic
                  | ancestry]
   903 | D:1      | Reached XP level 4. HP: 31/33 MP: 4/4
  1795 | D:2      | Noticed Natasha
  1806 | D:2      | Gained mutation: You are somewhat resistant to further
                  | mutation. [potion of mutation]
  1806 | D:2      | Gained mutation: You passively map a small area around you.
                  | [potion of mutation]
  1806 | D:2      | Slain by Natasha

Illustrated notes

Levels and vault maps discovered:
D:1:      lemuel_arrival_behind_the_door_large, layout_basic, xom_teletrap_fun
D:2:      layout_rooms, lemuel_round_altar, minmay_door_square,
          kennysheep_generic_room_6, uniq_jessica, uniq_natasha

Skill      XL: |  1  2  3 |
---------------+----------+-----
Axes           | 3 4 |  4.6
Fighting       | |  2.1
Throwing       | |  1.8
Dodging        | |  2.8

Action                   |  1- 3 |  4- 6 || total
-------------------------+-------+-------++-------
Melee: War axe           |    69 |    36 ||   105
       Kick              |       |    10 ||    10
  Use: Potion            |       |     1 ||     1
 Stab: Sleeping          |     3 |       ||     3
Armor: Leather armour    |    30 |    15 ||    45
Dodge: Dodged            |    64 |    26 ||    90

Table legend: (Time is in decaauts)
 A = Elapsed time spent in this place.
 B = Non-inter-level travel time spent in this place.
 C = Inter-level travel time spent in this place.
 D = Time resting spent in this place.
 E = Time spent auto-exploring this place.
 F = Levels seen in this place.
 G = Mean time per level.
                   A        B        C        D        E       F      G
               +--------+--------+--------+--------+--------+-----+--------+
         Total |   1839 |   1789 |     50 |    327 |   1206 |   2 |  919.5 |
       Dungeon |   1839 |   1789 |     50 |    327 |   1206 |   2 |  919.5 |
               +--------+--------+--------+--------+--------+-----+--------+

Top non-repeatable levels by time:
     D:1: 1098 daAuts
     D:2: 740 daAuts
